 Dungeon Crawl Stone Soup version 0.30-a0-358-g0d69a1922f (webtiles) character file.

Game seed: 7753483535911354057

6 Pooter the Trooper (level 1, -2/27 HPs)
             Began as a Demonspawn Berserker on Nov 11, 2022.
             Was a Follower of Trog.
             Slain by a goblin
             ... wielding a +2 dagger of speed
              (3 damage)
             ... on level 1 of the Dungeon.
             The game lasted 00:01:27 (197 turns).

Pooter the Trooper (Demonspawn Berserker)            Turns: 197, Time: 00:01:28

Health: -2/27      AC:  2    Str: 17    XL:     1   Next: 75%
Magic:  1/1        EV: 12    Int:  8    God:    Trog [*.....]
Gold:   20         SH:  0    Dex: 12    Spells: 0/0 levels left

rFire   . . .      SeeInvis .    d - +0 flail
rCold   . . .      Faith    .    (no shield)
rNeg    . . .      Spirit   .    b - +0 animal skin
rPois   .          Reflect  .    (no helmet)
rElec   .          Harm     .    (no cloak)
rCorr   .          Rampage  .    (no gloves)
Will    .....                    (no boots)
Stlth   ..........               (no amulet)
HPRegen 0.24/turn                (no ring)
MPRegen 0.07/turn                (no ring)

@: berserking, very quick
A: no striking features
a: Renounce Religion, Berserk


You were on level 1 of the Dungeon.
You worshipped Trog.
Trog was aware of your devotion.
You visited 1 branch of the dungeon, and saw 1 of its levels.

You collected 20 gold pieces.

Inventory:

Hand Weapons
 a - a +0 hand axe
 d - a +0 flail (weapon)
   (You found it on level 1 of the Dungeon)
Missiles
 Q - 6 stones (quivered)
Armour
 b - a +0 animal skin (worn)
Potions
 c - a potion of might {unknown}


   Skills:
 + Level 3.1 Fighting
 * Level 3.0 Axes
 - Level 1.7 Armour
 - Level 1.7 Dodging


You couldn't memorise any spells.
You didn't know any spells.
Your spell library was empty.

Dungeon Overview and Level Annotations

Branches:
Dungeon (1/15)

Altars:


Message History

c - a coppery potion
Found a flail.
Found 6 stones.
Found 14 gold pieces.
You see here a +0 flail.
d - a +0 flail
d - a +0 flail (weapon)
Found a stone staircase leading down.
Q - 6 stones (quivered)
A rat comes into view.
Found a short sword.
A rat comes into view.
Found 6 gold pieces.
The rat bites you but does no damage.
You hit the rat.
You kill the rat!
Trog accepts your kill.
You hit the rat.
You kill the rat!
Trog accepts your kill.
Your Axes skill increases to level 3!
You now have 14 gold pieces.
You see here a +0 short sword.
You now have 20 gold pieces (gained 6).
Found a robe.
Found a club.
Found 11 gold pieces.
Found a murky yellow potion.
Found a scroll labelled POERITE PEOSEI.
A goblin comes into view. It is wielding a +2 dagger of speed.
You see here 11 gold pieces.
The goblin hits you with a +2 dagger of speed.
You barely miss the goblin.
The goblin hits you with a +2 dagger of speed.
The goblin closely misses you.
You barely miss the goblin.
The goblin hits you with a +2 dagger of speed. x2
* * * LOW HITPOINT WARNING * * *
You fail to use your ability.
The goblin hits you with a +2 dagger of speed.
* * * LOW HITPOINT WARNING * * *
A red film seems to cover your vision as you go berserk!
You feel yourself moving faster!
You feel mighty!
The goblin hits you with a +2 dagger of speed.
* * * LOW HITPOINT WARNING * * *
The goblin hits you with a +2 dagger of speed.
* * * LOW HITPOINT WARNING * * *
You barely miss the goblin.
The goblin hits you with a +2 dagger of speed.
You die...

≈≈ ..... ≈≈≈ ....# ≈≈≈≈
##.... ≈≈≈≈ #.... ≈≈≈≈
+... ≈≈≈≈ ≈~ . #.. ≈≈≈≈
≈~~ ..#g#### ≈≈≈≈
≈~~.#.#@...# ≈~~#
≈≈≈~.#.#...?# ~~#
#~~~!..#....# ..#
#≈~~....$...# ..+
#≈≈~~.).....# ..#
#≈≈~~.......# .~##
##≈≈~~.......#
~~≈#####≈≈≈~~.......##.
≈≈≈≈≈≈≈≈≈~~~............


You could see a goblin.

Vanquished Creatures
  A giant cockroach (D:1)
  A quokka (D:1)
  A ball python (D:1)
  A frilled lizard (D:1)
  3 rats (D:1)
7 creatures vanquished.

Notes
Turn   | Place    | Note
-------+----------+-------------------------------------------
     0 | D:1      | Pooter the Demonspawn Berserker began the quest for the
                  | Orb.
     0 | D:1      | Reached XP level 1. HP: 18/18 MP: 1/1
   196 | D:1      | HP: 1/27 [goblin/+2 dagger of speed (4)]
   197 | D:1      | Slain by a goblin

Illustrated notes

Levels and vault maps discovered:
D:1:      minmay_arrival_shoal_huts, layout_basic, nrook_mini_vaults

Skill      XL: |  1 |
---------------+----+-----
Axes           | 3 |  3.0
Fighting       | |  3.1
Armour         | |  1.7
Dodging        | |  1.7

Action                   || total
-------------------------++-------
Melee: Hand axe          ||    13
       Flail             ||     5
Invok: Berserk           ||     1
Armor: Animal skin       ||     2
Dodge: Dodged            ||     7

Table legend: (Time is in decaauts)
 A = Elapsed time spent in this place.
 B = Non-inter-level travel time spent in this place.
 C = Inter-level travel time spent in this place.
 D = Time resting spent in this place.
 E = Time spent auto-exploring this place.
 F = Levels seen in this place.
 G = Mean time per level.
                   A        B        C        D        E       F      G
               +--------+--------+--------+--------+--------+-----+--------+
         Total |    200 |    200 |      0 |     19 |    114 |   1 |  200.0 |
       Dungeon |    200 |    200 |      0 |     19 |    114 |   1 |  200.0 |
               +--------+--------+--------+--------+--------+-----+--------+

Top non-repeatable levels by time:
     D:1: 200 daAuts
